 Dungeon Crawl Stone Soup version 0.28.0-45-g0d030f2227 (webtiles) character file.

Game seed: 6013227615981606676

2606 MalarOregon the Conjurer (level 9, -10/72 HPs)
             Began as a Palentonga Hedge Wizard on Apr 19, 2022.
             Was a Believer of the Shining One.
             Mangled by Maggie
             ... wielding a +1 morningstar of protection
              (15 damage)
             ... on level 7 of the Dungeon.
             The game lasted 00:27:31 (12440 turns).

MalarOregon the Conjurer (Palentonga Hedge Wizard) Turns: 12440, Time: 00:27:32

Health: -10/72     AC: 14    Str: 13    XL:     9   Next: 33%
Magic:  17/17      EV: 10    Int: 20    God:    the Shining One [**....]
Gold:   26         SH:  0    Dex:  9    Spells: 13/19 levels left

rFire   . . .      SeeInvis +   f - +0 long sword (venom)
rCold   . . .      Faith    .   (no shield)
rNeg    + . .      Spirit   .   b - +0 robe
rPois   .          Reflect  .   j - +0 helmet
rElec   .          Harm     .   w - +1 cloak
rCorr   .          Rampage  .   (no gloves)
Will    .....                   (no barding)
Stlth   +.........              g - amulet of the acrobat
HPRegen 0.22/turn               (no ring)
MPRegen 0.15/turn               (no ring)

@: mesmerised, glowing, curled up
A: large, rugged brown scales 3, see invisible, deformed body, roll 1, armoured
tail, reflexive curl
a: Rolling Charge, Renounce Religion, Divine Shield


You were on level 7 of the Dungeon.
You worshipped the Shining One.
The Shining One was pleased with you.
You visited 1 branch of the dungeon, and saw 7 of its levels.

You collected 171 gold pieces.
You spent 145 gold pieces at shops.


Innate Abilities, Weirdness & Mutations

You are completely covered in rugged brown scales. (AC +3, +7% HP)
You have supernaturally acute eyesight. (SInv)
Armour fits poorly on your strangely shaped body.
You can roll at nearby foes to attack.
You have a long armoured tail.
You curl defensively after being hit. (AC +7*)


   Skills:
 + Level 5.0 Fighting
 + Level 4.1 Armour
 + Level 4.5 Dodging
 - Level 1.2 Stealth
 + Level 5.6 Spellcasting
 - Level 6.7 Conjurations
 - Level 0.7 Summonings
 - Level 1.0 Translocations


You had 13 spell levels left.
You knew the following spells:

 Your Spells              Type           Power      Damage    Failure   Level
a - Magic Dart            Conj           100%       1d8       1%          1
b - Blink                 Tloc           18%        N/A       11%         2
f - Mephitic Cloud        Conj/Pois/Air  14%        N/A       13%         3

Your spell library contained the following spells:

 Spells                   Type           Power      Damage    Failure   Level
 Conjure Flame            Conj/Fire      19%        6-21      9%          3
 Slow                     Hex            20%        N/A       11%         1
 Call Imp                 Summ           8%         N/A       12%         2
 Irradiate                Conj/Tmut      9%         3d16      58%         5
 Freezing Cloud           Conj/Ice/Air   7%         6-21      77%         5
 Blade Hands              Tmut           2%         N/A       97%         5
 Simulacrum               Ice/Necr       2%         N/A       100%        6
 Dragon Form              Tmut           2%         N/A       100%        7
 Polar Vortex             Ice            2%         N/A       100%        9

Inventory:

Hand Weapons
 a - a +1 dagger of protection
 c - a +2 whip of freezing
   (You took it off Pikel on level 5 of the Dungeon)
 f - a +0 long sword of venom (weapon)
   (You found it on level 6 of the Dungeon)
 k - a +2 long sword of holy wrath
   (You took it off an orc warrior on level 5 of the Dungeon)
 m - a +0 dire flail
   (You found it on level 2 of the Dungeon)
Missiles
 t - a throwing net (quivered) {!f}
Armour
 b - a +0 robe (worn)
 j - a +0 helmet (worn)
   (You found it on level 4 of the Dungeon)
 w - a +1 cloak (worn)
   (You found it on level 5 of the Dungeon)
Jewellery
 g - an amulet of the acrobat (around neck)
   (You found it on level 1 of the Dungeon)
Wands
 d - a wand of iceblast (3)
   (You found it on level 3 of the Dungeon)
Scrolls
 i - a scroll of enchant weapon
 l - a scroll of noise {!r}
 n - 2 scrolls of amnesia
 v - a scroll of holy word
Potions
 e - a potion of lignification {unknown}
 o - a potion of invisibility {unknown}
 p - a potion of cancellation {unknown}
 q - 3 potions of curing {@q1}
 r - a potion of heal wounds {@q2}
 s - 2 potions of berserk rage
 u - a potion of might

Dungeon Overview and Level Annotations

Branches:
Dungeon (7/15)
 Temple: D:4-7

Altars:
Sif Muna
Yredelemnul
The Shining One

Shops:
D:5 ?   D:7 !

Annotations:
D:3 3 runed translucent doors, jacek's ghost, amateur DDCA
D:4 3 runed translucent doors, diceflayer's ghost, amateur MiFi
D:7 Maggie

.############....
..............#
...............#
...............#
..............+
###8...8#).....#
........#......#
.....>.....@...#
...........@...#
...8...∩...8...#
...#......[....#
..#.....<.....+
#...........#
#...8...8...#
######......#
########


You could see Maggie (mesmerising, very poisoned).


Message History

You hit Duvessa.
Duvessa looks as sick as possible!
A scorpion comes into view.
Duvessa closely misses you.
You hit Duvessa.
Duvessa looks as sick as possible!
Duvessa completely misses you.
Duvessa hits herself with a +0 short sword!
Duvessa is killed!
Dowan screams, "No!
No!"
Dowan seems to find hidden reserves of power!
Your Armour skill increases to level 4!
There is a stone staircase leading up here.
Unknown command.
You climb upwards.
There is a stone staircase leading down here.
You start resting.
You start resting.
You climb downwards.
Level annotation: Dowan The scorpion stings you.
The scorpion closely misses you.
There is a stone staircase leading up, spattered with blood here.
The scorpion stings you.
You are poisoned.
The scorpion poisons you!
You climb upwards.
You feel very sick.
There is a stone staircase leading down here.
You barely miss the scorpion.
You feel sick. The scorpion stings you. The scorpion stings you!
You hit the scorpion.
The scorpion is poisoned.
You feel sick.
The scorpion stings you but does no damage.
You barely miss the scorpion. You tail-slap the scorpion.
You feel sick. The scorpion stings you. x2
You hit the scorpion but do no damage.
The scorpion looks as sick as possible!
Your tail-slap misses the scorpion.
You feel sick. The scorpion barely misses you.
You hit the scorpion but do no damage.
The scorpion looks as sick as possible!
You tail-slap the scorpion, but do no damage.
You feel sick.
You are no longer poisoned.
You kill the scorpion!
No target in view!
Unknown command.
Done exploring.
You climb downwards.
Level annotation: Dowan
There is a stone staircase leading up, spattered with blood here.
Roll where?
Press: ? - help, Dir - move target, f - Dowan
Aim: Dowan, wielding a +0 dagger and wearing a +0 robe (fast)
You roll forward with a clatter of scales!
You barely miss Dowan.
You hear a shout!
Dowan hits you with a +0 dagger. Dowan gestures at you while chanting.
The stone arrow hits you!
Maggie the Vainglorious comes into view.
She is wielding a +1 morningstar of protection.
Dowan hits you but does no damage.
You hit Dowan. Dowan hits you with a +0 dagger.
Dowan hits you but does no damage.
You hit Dowan but do no damage.
Dowan is poisoned.
Dowan hits you with a +0 dagger. Dowan hits you but does no damage.
You barely miss Dowan.
Your tail-slap misses Dowan.
Dowan hits you with a +0 dagger. Dowan closely misses you.
You closely miss Dowan. Dowan barely misses you.
Dowan casts a spell.
Dowan blinks!
You slash Dowan!
Dowan looks as sick as possible!
You tail-slap Dowan, but do no damage.
Dowan mumbles some strange words.
Dowan blinks!
Dowan points at you and mumbles some strange words.
The stone arrow misses you.
Maggie casts a spell.
Maggie attempts to bespell you!
You are mesmerised by Maggie!
You cannot move away from Maggie!
You hit Maggie but do no damage.
Maggie is poisoned.
You kill Dowan!
Maggie completely misses you.
Your Fighting skill increases to level 5!
You hit Maggie but do no damage.
Maggie hits you with a +1 morningstar of protection!
Maggie closely misses you.
You barely miss Maggie. You tail-slap Maggie, but do no damage.
Maggie hits you with a +1 morningstar of protection!
You hit Maggie but do no damage.
Maggie looks even sicker.
Maggie hits you with a +1 morningstar of protection!
* * * LOW HITPOINT WARNING * * *
Maggie casts a spell.
Maggie draws you further into her thrall.
You hit Maggie but do no damage. Maggie hits you but does no damage.
You hit Maggie. Maggie gestures at you while chanting.
The bolt of fire hits you!
* * * LOW HITPOINT WARNING * * *
You barely miss Maggie.
Maggie hits you with a +1 morningstar of protection!
* * * LOW HITPOINT WARNING * * *
Maggie hits you with a +1 morningstar of protection!
You die...

Skill      XL: |  1  2  3  4  5  6  7  8  9 |
---------------+----------------------------+-----
Conjurations   | 1 2 3 4 5 6 |  6.7
Fighting       | 2 4 5 |  5.0
Dodging        | 2 4 |  4.5
Armour         | 2 3 4 |  4.1
Spellcasting   | 5 |  5.6
Stealth        | |  1.2
Summonings     | |  0.7
Translocations | |  1.0

Action                   |  1- 3 |  4- 6 |  7- 9 || total
-------------------------+-------+-------+-------++-------
Melee: Dagger            |    22 |    17 |    68 ||   107
       Tailslap          |     1 |     2 |    22 ||    25
       Punch             |       |       |     1 ||     1
       Long sword        |       |       |    51 ||    51
Throw: Dart              |    12 |     6 |     4 ||    22
 Cast: Magic Dart        |    95 |   128 |   219 ||   442
       Mephitic Cloud    |       |       |     4 ||     4
 Abil: Rolling Charge    |     2 |       |     2 ||     4
Evoke: Wand              |       |       |    14 ||    14
  Use: Scroll            |       |     1 |    12 ||    13
       Potion            |       |       |     4 ||     4
Armor: Robe              |    17 |    19 |   116 ||   152
Dodge: Dodged            |    23 |    31 |   147 ||   201

Levels and vault maps discovered:
D:1:      minmay_arrival_three_doors, layout_basic
D:2:      layout_basic, minmay_cut_off
D:3:      layout_loops_ring, mainiacjoe_overflow_tiny_flanked,
          shapermc_ecumenical_altar_venn, gammafunk_ghost_icy,
          minmay_misc_feat_cross
D:4:      minmay_wonky_spiral, layout_basic, gammafunk_ghost_nasty_kobolds,
          kennysheep_generic_room_7
D:5:      kennysheep_steamy, layout_rooms, yredelemnul_forgotten_temple_becter,
          serial_shops, nicolae_shop_window_shopping, uniq_menkaure
D:6:      layout_cave_pools, mainiacjoe_overflow_alcove_4, st_stairs_6,
          uniq_pikel
D:7:      layout_gridville, mainiacjoe_overflow_catwalk, zin_scriptorium,
          temple_fountains, serial_shops, nicolae_stop_n_shop_1,
          guppyfry_early_elven_hall, uniq_duvessa, uniq_maggie, uniq_harold

Notes
Turn   | Place    | Note
-------+----------+-------------------------------------------
     0 | D:1      | MalarOregon the Palentonga Hedge Wizard began the quest for
                  | the Orb.
     0 | D:1      | Reached XP level 1. HP: 13/13 MP: 4/4
    27 | D:1      | Reached skill level 1 in Conjurations
   100 | D:1      | HP: 1/13 [frozen (4)]
   613 | D:1      | Reached XP level 2. HP: 19/20 MP: 0/6
   632 | D:1      | Reached skill level 2 in Conjurations
  1344 | D:2      | Reached XP level 3. HP: 25/25 MP: 2/7
  1459 | D:2      | Learned a level 2 spell: Blink
  1462 | D:2      | Learned a level 2 spell: Call Imp
  1466 | D:2      | Learned a level 3 spell: Mephitic Cloud
  1477 | D:2      | You pick up a book of Ice and begin reading...
  1477 | D:2      | You add the spells Freezing Cloud, Simulacrum and Polar
                  | Vortex to your library.
  1820 | D:2      | Reached skill level 3 in Conjurations
  2582 | D:3      | Noticed jacek's ghost (amateur DDCA)
  2659 | D:3      | Found a runed translucent gate.
  2659 | D:3      | Found a runed translucent gate.
  2659 | D:3      | Found a runed translucent gate.
  2785 | D:3      | Found a faded altar of an unknown god.
  2914 | D:3      | Found a glowing golden altar of the Shining One.
  2921 | D:3      | Became a worshipper of the Shining One
  2954 | D:3      | Reached XP level 4. HP: 32/32 MP: 0/8
  3443 | D:3      | Reached skill level 4 in Conjurations
  3653 | D:3      | You pick up a book of Transfigurations and begin reading...
  3653 | D:3      | You add the spells Irradiate, Blade Hands and Dragon Form
                  | to your library.
  3906 | D:4      | Noticed a bullfrog
  3913 | D:4      | Killed a bullfrog
  3914 | D:4      | Reached XP level 5. HP: 24/37 MP: 4/9
  4293 | D:4      | Reached skill level 5 in Conjurations
  4382 | D:4      | Noticed a necrophage
  4393 | D:4      | Killed a necrophage
  4394 | D:4      | Reached XP level 6. HP: 23/43 MP: 0/10
  4535 | D:4      | Found a runed translucent gate.
  4536 | D:4      | Found a runed translucent gate.
  4537 | D:4      | Found a runed translucent gate.
  4538 | D:4      | Noticed diceflayer's ghost (amateur MiFi)
  4681 | D:4      | Reached skill level 6 in Conjurations
  4773 | D:4      | Reached * piety under the Shining One
  5081 | D:4      | HP: 6/43 [iguana (8)]
  6110 | D:5      | Entered Level 5 of the Dungeon
  6199 | D:5      | Gained mutation: You curl defensively after being hit. (AC
                  | +7*) [Palentonga growth]
  6199 | D:5      | Reached XP level 7. HP: 39/49 MP: 3/11
  6819 | D:5      | Found Femakh's Magic Scroll Boutique.
  6832 | D:5      | Bought a scroll of teleportation for 45 gold pieces
  6832 | D:5      | Bought a scroll of identify for 30 gold pieces
  6869 | D:5      | Noticed Menkaure
  7112 | D:4      | Reached skill level 1 in Fighting
  7112 | D:4      | Reached skill level 2 in Dodging
  7250 | D:4      | Reached skill level 1 in Armour
  7525 | D:5      | Killed Menkaure
  7526 | D:5      | Reached skill level 2 in Fighting
  7634 | D:5      | Reached skill level 2 in Armour
  7634 | D:5      | Reached XP level 8. HP: 28/60 MP: 3/13
  8046 | D:5      | Reached skill level 4 in Spellcasting
  8246 | D:4      | Reached skill level 3 in Dodging
  8332 | D:5      | Reached skill level 3 in Fighting
  8385 | D:5      | Found a basalt altar of Yredelemnul.
  8872 | D:6      | Noticed Pikel
  8873 | D:6      | Paralysed by Pikel for 2 turns
  9160 | D:6      | Reached ** piety under the Shining One
  9442 | D:5      | HP: 15/62 [steam dragon (4)]
  9446 | D:5      | Reached skill level 3 in Armour
  9752 | D:5      | Reached skill level 4 in Fighting
  9965 | D:6      | Reached skill level 5 in Spellcasting
 10517 | D:5      | HP: 14/64 [orc warrior/+2 long sword of holy wrath (13)]
 10520 | D:5      | Reached skill level 4 in Dodging
 10520 | D:5      | Reached XP level 9. HP: 15/69 MP: 13/16
 10977 | D:5      | Paralysed by Pikel for 7 turns
 11434 | D:5      | Found Femakh's Magic Scroll Boutique.
 11568 | D:5      | Found a basalt altar of Yredelemnul.
 11691 | D:5      | Killed Pikel
 12031 | D:6      | Found a shimmering blue altar of Sif Muna.
 12154 | D:7      | Found Hibroxy's Distillery.
 12157 | D:7      | Bought a potion of berserk rage for 70 gold pieces
 12163 | D:7      | Noticed Duvessa
 12180 | D:7      | Noticed Dowan
 12182 | D:7      | Killed Duvessa
 12183 | D:7      | Reached skill level 4 in Armour
 12428 | D:7      | Noticed Maggie
 12434 | D:7      | Killed Dowan
 12435 | D:7      | Reached skill level 5 in Fighting
 12440 | D:7      | HP: 5/72 [Maggie/+1 morningstar of protection (16)]
 12440 | D:7      | Mangled by Maggie

Vanquished Creatures
  Pikel (D:5)
  2 steam dragons
  Menkaure (D:5)
  Duvessa (D:7)
  An orc warrior (D:5)
  3 black bears
  A necrophage (D:4)
  An ogre (D:5)
  4 lemures (D:5)
  A bullfrog (D:4)
  5 scorpions
  Dowan (D:7)
  3 water moccasin skeletons
  2 howler monkeys
  2 hounds
  An orc priest (D:4)
  2 jellies
  2 centaur skeletons
  3 iguanas
  2 orc wizards
  2 howler monkey zombies
  3 gnolls
  8 adders
  A shadow imp (D:6)
  An ufetubus (D:4)
  2 worms (D:2)
  A dart slug (D:1)
  9 orcs
  5 ball pythons
  3 endoplasms
  A giant cockroach (D:4)
  7 goblins
  4 hobgoblins
  A jackal (D:2)
  3 quokkas
  4 bats
  A frilled lizard (D:3)
  10 kobolds
  A quokka skeleton (D:4)
  A rat (D:3)
  A spectral orc (D:5)
108 creatures vanquished.

Vanquished Creatures (others)
  7 fungi (D:5)
7 creatures vanquished.

Grand Total: 115 creatures vanquished

Table legend:
 A = Non-vault XP
 B = Vault XP
 C = Vault XP percentage of total XP
 D = Non-vault monster count
 E = Vault monster count
 F = Vault count percentage of total count
                 A         B        C        D         E       F
            +---------+---------+-------+---------+---------+-------
      Total |    2250 |    1474 |  39.6 |      87 |      17 |  16.3
            +---------+---------+-------+---------+---------+-------
        D:1 |      25 |       0 |   0.0 |      13 |       0 |   0.0
        D:2 |      29 |       6 |  17.1 |       6 |       3 |  33.3
        D:3 |      87 |       0 |   0.0 |      16 |       0 |   0.0
        D:4 |     675 |     258 |  27.7 |      22 |       7 |  24.1
        D:5 |     957 |     935 |  49.4 |      20 |       4 |  16.7
        D:6 |     477 |      67 |  12.3 |      10 |       1 |   9.1
        D:7 |       0 |     208 | 100.0 |       0 |       2 | 100.0
            +---------+---------+-------+---------+---------+-------

Illustrated notes

Table legend:
 A = Kills in this place as a percentage of kills in entire the game.
 B = Kills by you in this place as a percentage of kills by you in the entire game.
 C = Kills by friends in this place as a percentage of kills by friends in the entire game.
 D = Other kills in this place as a percentage of other kills in the entire game.
 E = Experience gained in this place as a percentage of experience gained in the entire game.
 F = Experience gained in this place divided by the number of levels of this place that you have seen.
                   A       B       C       D       E      F
               +-------+-------+-------+-------+-------+----------------------
         Total | 100.0 | 100.0 |   N/A | 100.0 | 100.0 | 532.0
       Dungeon | 100.0 | 100.0 |   N/A | 100.0 | 100.0 | 532.0
               +-------+-------+-------+-------+-------+----------------------

Table legend: (Time is in decaauts)
 A = Elapsed time spent in this place.
 B = Non-inter-level travel time spent in this place.
 C = Inter-level travel time spent in this place.
 D = Time resting spent in this place.
 E = Time spent auto-exploring this place.
 F = Levels seen in this place.
 G = Mean time per level.
                   A        B        C        D        E       F      G
               +--------+--------+--------+--------+--------+-----+--------+
         Total |  12487 |  11953 |    534 |   3529 |   6923 |   7 | 1783.9 |
       Dungeon |  12487 |  11953 |    534 |   3529 |   6923 |   7 | 1783.9 |
               +--------+--------+--------+--------+--------+-----+--------+

Top non-repeatable levels by time:
     D:5: 4292 daAuts
     D:4: 3231 daAuts
     D:2: 1479 daAuts
     D:3: 1370 daAuts
     D:1: 1084 daAuts
     D:6: 976 daAuts
     D:7: 53 daAuts
